| TOP OF THE 1ST |
|
Bluefield Blue Jays batting - Pitching for Cleveland (APP) Indians : RHP Jose Esteban
|
|
Pitching: RHP Jose Esteban
|
|
|
Batting: RHB Justin Geiger
|
0-0: SINGLE (Groundball, 6D, EV 101.9 MPH)
|
|
Batting: SHB Scott Robbins
|
0-0: Foul Ball, location: 2F 0-1: Ball Justin Geiger is caught stealing 2nd base 2-6 1-1: Called Strike 1-2: Foul Ball, location: 2F 1-2: Foul Ball, location: 2F 1-2: Foul Ball, location: 2F 1-2: DOUBLE (Line Drive, 3D, EV 100.0 MPH)
|
|
Batting: LHB Cesar Arteaga
|
0-0: Ball Passed Ball! Scott Robbins to third 1-0: Ball 2-0: Foul Ball, location: 2F 2-1: SINGLE (Groundball, 4D, EV 99.4 MPH) Scott Robbins scores
|
|
Batting: RHB Jordan Fairburn
|
0-0: Ball Cesar Arteaga is caught stealing 2nd base 2-4 1-0: Called Strike 1-1: Foul Ball, location: 2F 1-2: Strikes out swinging
|
| Top of the 1st over - 1 run, 3 hits, 0 errors, 0 left on base; Bluefield 1 - Cleveland (APP) 0 |
| BOTTOM OF THE 1ST |
|
Cleveland (APP) Indians batting - Pitching for Bluefield Blue Jays : LHP Jon Moore
|
|
Pitching: LHP Jon Moore
|
|
|
Batting: RHB John Clark
|
0-0: Called Strike 0-1: Foul Ball, location: 2F 0-2: Ball 1-2: Strikes out swinging
|
|
Batting: RHB Carlos Manriquez
|
0-0: Called Strike 0-1: Swinging Strike 0-2: Ball 1-2: Strikes out swinging
|
|
Batting: RHB Juan Gallardo
|
0-0: Ball 1-0: Ball 2-0: Ground out 6-3 (Groundball, 56, EV 93.1 MPH)
|
| Bottom of the 1st over - 0 runs, 0 hits, 0 errors, 0 left on base; Bluefield 1 - Cleveland (APP) 0 |
| TOP OF THE 2ND |
|
Bluefield Blue Jays batting - Pitching for Cleveland (APP) Indians : RHP Jose Esteban
|
|
Batting: SHB Jack Andrews
|
0-0: Ball 1-0: Ball 2-0: Ball 3-0: Base on Balls
|
|
Batting: RHB Mike Johnson
|
0-0: Ball Jack Andrews steals 2nd base 1-0: DOUBLE (Line Drive, 8RD, EV 102.5 MPH) Jack Andrews scores
|
|
Batting: RHB Tokuji Kawabata
|
0-0: DOUBLE (Line Drive, 8RD, EV 104.4 MPH) Mike Johnson scores
|
|
Batting: RHB Wade Diamond
|
0-0: Ball Passed Ball! Tokuji Kawabata to third 1-0: Ground out 4-3 (Groundball, 4, EV 93.8 MPH) Tokuji Kawabata scores
|
|
Batting: RHB John Hering
|
0-0: SINGLE (Groundball, 5S, EV 75.6 MPH) (infield hit)
|
|
Batting: RHB Justin Geiger
|
0-0: Called Strike John Hering steals 2nd base 0-1: Called Strike 0-2: Ball 1-2: SINGLE (Groundball, 56D, EV 112.5 MPH) John Hering to third
|
|
Batting: SHB Scott Robbins
|
0-0: Ball 1-0: Ball 2-0: Foul Ball, location: 2F 2-1: Ball 3-1: Called Strike 3-2: DOUBLE (Line Drive, 9LS, EV 105.6 MPH) John Hering scores Justin Geiger to third Justin Geiger scores
|
|
Batting: LHB Cesar Arteaga
|
0-0: Ball 1-0: Called Strike 1-1: Swinging Strike 1-2: Ball Passed Ball! Scott Robbins to third 2-2: 2-RUN HOME RUN (Flyball, 89XD, EV 113.8 MPH), Distance : 434 ft
|
|
Pitching: RHP Gilbert Paparelli
|
|
|
Batting: RHB Jordan Fairburn
|
0-0: Called Strike 0-1: Foul Ball, location: 2F 0-2: Foul Ball, location: 5F, Error on foul ball, E5 0-2: Ball 1-2: SOLO HOME RUN (Flyball, 89XD, EV 101.3 MPH), Distance : 417 ft
|
|
Batting: SHB Jack Andrews
|
0-0: Ball 1-0: Called Strike 1-1: Called Strike 1-2: Ball 2-2: SINGLE (Line Drive, 78S, EV 90.0 MPH)
|
|
Batting: RHB Mike Johnson
|
0-0: Called Strike 0-1: Ball 1-1: Foul Ball, location: 2F 1-2: Foul Ball, location: 2F 1-2: SINGLE (Line Drive, 8RS, EV 104.4 MPH) Jack Andrews to second
|
|
Batting: RHB Tokuji Kawabata
|
0-0: Called Strike 0-1: Ball Passed Ball! Jack Andrews to third Mike Johnson to second 1-1: Hit by Pitch
|
|
Pitching: LHP Jordan Jimenez
|
|
|
Batting: RHB Wade Diamond
|
0-0: Fielders Choice at 2nd, 6-4 (Groundball, 6, EV 108.1 MPH) Jack Andrews scores Mike Johnson to third
|
|
Batting: RHB John Hering
|
0-0: Ball 1-0: Called Strike 1-1: Ball 2-1: Ball Passed Ball! Mike Johnson scores Wade Diamond to second 3-1: Base on Balls
|
|
Batting: RHB Justin Geiger
|
0-0: Foul Ball, location: 2F 0-1: Foul Ball, location: 2F 0-2: Ball Passed Ball! Wade Diamond to third John Hering to second 1-2: Foul Ball, location: 2F 1-2: Fly out, F8 (Flyball, 8LM, EV 81.9 MPH)
|
| Top of the 2nd over - 10 runs, 9 hits, 1 error, 2 left on base; Bluefield 11 - Cleveland (APP) 0 |
| BOTTOM OF THE 2ND |
|
Cleveland (APP) Indians batting - Pitching for Bluefield Blue Jays : LHP Jon Moore
|
|
Batting: RHB Luis Roman
|
0-0: Ball 1-0: Called Strike 1-1: Ball 2-1: Foul Ball, location: 2F 2-2: Foul Ball, location: 2F 2-2: Ball 3-2: Foul Ball, location: 2F 3-2: SINGLE (Groundball, 6MD, EV 96.9 MPH)
|
|
Batting: LHB Kenji Yokoyama
|
0-0: Called Strike 0-1: Foul Ball, location: 2F 0-2: Ball 1-2: Foul Ball, location: 2F 1-2: Ball 2-2: Strikes out swinging
|
|
Batting: RHB Joe Shade
|
0-0: Called Strike 0-1: Ball 1-1: Ball 2-1: Foul Ball, location: 2F 2-2: Ball 3-2: Strikes out swinging
|
|
Batting: LHB Heath Ryland
|
0-0: Fly out, F8 (Flyball, 8LD, EV 90.6 MPH)
|
| Bottom of the 2nd over - 0 runs, 1 hit, 0 errors, 1 left on base; Bluefield 11 - Cleveland (APP) 0 |
| TOP OF THE 3RD |
|
Bluefield Blue Jays batting - Pitching for Cleveland (APP) Indians : LHP Jordan Jimenez
|
|
Batting: SHB Scott Robbins
|
0-0: Ball 1-0: Foul Ball, location: 2F 1-1: Ball 2-1: Ball 3-1: Called Strike 3-2: DOUBLE (Line Drive, 9LM, EV 105.0 MPH)
|
|
Batting: LHB Cesar Arteaga
|
0-0: Called Strike 0-1: Foul Ball, location: 2F 0-2: SINGLE (Flyball, 6D, EV 83.8 MPH) Scott Robbins to third
|
|
Batting: RHB Jordan Fairburn
|
0-0: Ball Passed Ball! Scott Robbins scores Cesar Arteaga to second 1-0: Called Strike 1-1: 2-RUN HOME RUN (Flyball, 7D, EV 97.5 MPH), Distance : 368 ft
|
|
Batting: SHB Jack Andrews
|
0-0: SINGLE (Flyball, 3D, EV 87.5 MPH)
|
|
Batting: RHB Mike Johnson
|
0-0: Grounds into double play, 4-6-3 (Groundball, 4, EV 98.8 MPH)
|
|
Batting: RHB Tokuji Kawabata
|
0-0: Ball 1-0: Ball 2-0: Swinging Strike 2-1: Swinging Strike 2-2: Foul Ball, location: 2F 2-2: Foul Ball, location: 2F 2-2: SINGLE (Line Drive, 8RS, EV 100.6 MPH)
|
|
Batting: RHB Wade Diamond
|
0-0: Ball 1-0: Ball Wild Pitch! Tokuji Kawabata to second 2-0: Ball 3-0: Base on Balls
|
|
Batting: RHB John Hering
|
0-0: Foul Ball, location: 2F 0-1: SINGLE (Groundball, 4D, EV 102.5 MPH) Tokuji Kawabata to third Wade Diamond to second Runner from 3rd tries for Home, throw by CF and OUT! 8-2
|
| Top of the 3rd over - 3 runs, 6 hits, 0 errors, 2 left on base; Bluefield 14 - Cleveland (APP) 0 |
| BOTTOM OF THE 3RD |
|
Cleveland (APP) Indians batting - Pitching for Bluefield Blue Jays : LHP Jon Moore
|
|
Batting: RHB Ken Shear
|
0-0: Foul Ball, location: 2F 0-1: Called Strike 0-2: Ground out 2-3 (Groundball, 13S, EV 72.5 MPH)
|
|
Batting: SHB Mike Shields
|
0-0: Ball 1-0: Foul Ball, location: 2F 1-1: Ball 2-1: Swinging Strike 2-2: Ball 3-2: Foul Ball, location: 2F 3-2: Strikes out swinging
|
|
Batting: RHB John Clark
|
0-0: Ball 1-0: Swinging Strike 1-1: Ground out 6-3 (Groundball, 6, EV 85.0 MPH)
|
| Bottom of the 3rd over - 0 runs, 0 hits, 0 errors, 0 left on base; Bluefield 14 - Cleveland (APP) 0 |
| TOP OF THE 4TH |
|
Bluefield Blue Jays batting - Pitching for Cleveland (APP) Indians : LHP Jordan Jimenez
|
|
Batting: RHB Justin Geiger
|
0-0: Ball 1-0: Ball 2-0: Called Strike 2-1: Foul Ball, location: 2F 2-2: SOLO HOME RUN (Line Drive, 7D, EV 102.5 MPH), Distance : 403 ft
|
|
Batting: SHB Scott Robbins
|
0-0: Called Strike 0-1: Ball 1-1: Ball 2-1: Ball 3-1: Base on Balls
|
|
Batting: LHB Cesar Arteaga
|
0-0: Fly out, F2 (Popup, 3SF, EV 84.4 MPH)
|
|
Batting: RHB Jordan Fairburn
|
0-0: Ball 1-0: Ball Passed Ball! Scott Robbins to second 2-0: Ball Passed Ball! Scott Robbins to third 3-0: Called Strike 3-1: Base on Balls
|
|
Batting: SHB Jack Andrews
|
0-0: Called Strike 0-1: Foul Ball, location: 2F 0-2: SINGLE (Groundball, 25, EV 70.6 MPH) (infield hit) Jordan Fairburn to second
|
|
Batting: RHB Mike Johnson
|
0-0: Swinging Strike 0-1: Ball 1-1: Ball 2-1: Called Strike 2-2: Foul Ball, location: 2F 2-2: Ball 3-2: Base on Balls Scott Robbins scores Jordan Fairburn to third Jack Andrews to second
|
|
Batting: RHB Tokuji Kawabata
|
0-0: Foul Ball, location: 2F 0-1: Ball Passed Ball! Jordan Fairburn scores Jack Andrews to third Mike Johnson to second 1-1: Ball Wild Pitch! Jack Andrews scores Mike Johnson to third 2-1: Foul Ball, location: 2F 2-2: Ball 3-2: Base on Balls
|
|
Batting: RHB Wade Diamond
|
0-0: Ball 1-0: Ball 2-0: Ball 3-0: Called Strike Passed Ball! Mike Johnson scores Tokuji Kawabata to second 3-1: Base on Balls
|
|
Batting: RHB John Hering
|
0-0: Foul Ball, location: 2F 0-1: Fielders Choice at 2nd, 4-6 (Groundball, 4M, EV 78.8 MPH) Tokuji Kawabata to third
|
|
Batting: RHB Justin Geiger
|
0-0: Ball 1-0: Ground out 6-3 (Groundball, 6S, EV 78.1 MPH)
|
| Top of the 4th over - 5 runs, 2 hits, 0 errors, 2 left on base; Bluefield 19 - Cleveland (APP) 0 |
| BOTTOM OF THE 4TH |
|
Cleveland (APP) Indians batting - Pitching for Bluefield Blue Jays : LHP Jon Moore
|
|
Batting: RHB Carlos Manriquez
|
0-0: Ball 1-0: TRIPLE (Flyball, 89XD, EV 108.8 MPH)
|
|
Batting: RHB Juan Gallardo
|
0-0: Swinging Strike 0-1: Swinging Strike 0-2: Ball 1-2: Strikes out swinging
|
|
Batting: RHB Luis Roman
|
0-0: Ball 1-0: Fly out, F8 (Flyball, 8LXD, EV 101.9 MPH) Runner from 3rd tags up, SCORES, no throw by CF
|
|
Batting: LHB Kenji Yokoyama
|
0-0: Foul Ball, location: 2F 0-1: Ball 1-1: Foul Ball, location: 2F 1-2: Foul Ball, location: 2F 1-2: Foul Ball, location: 2F 1-2: Strikes out looking
|
| Bottom of the 4th over - 1 run, 1 hit, 0 errors, 0 left on base; Bluefield 19 - Cleveland (APP) 1 |
| TOP OF THE 5TH |
|
Bluefield Blue Jays batting - Pitching for Cleveland (APP) Indians : LHP Jordan Jimenez
|
|
Batting: SHB Scott Robbins
|
0-0: Foul Ball, location: 2F 0-1: Ball 1-1: Called Strike 1-2: Foul Ball, location: 2F 1-2: Strikes out swinging
|
|
Batting: LHB Cesar Arteaga
|
0-0: Reached on error, E4 (Groundball, 4M, EV 90.0 MPH)
|
|
Batting: RHB Jordan Fairburn
|
0-0: Ball 1-0: Called Strike 1-1: Called Strike 1-2: Ball Passed Ball! Cesar Arteaga to third 2-2: Ball 3-2: Foul Ball, location: 2F 3-2: Base on Balls
|
|
Batting: SHB Jack Andrews
|
0-0: Called Strike 0-1: Reached on error, E6 (Groundball, 56D, EV 84.4 MPH) Cesar Arteaga scores Jordan Fairburn to second
|
|
Batting: RHB Mike Johnson
|
0-0: Swinging Strike 0-1: Foul Ball, location: 2F 0-2: Fly out, F9 (Flyball, 89M, EV 95.0 MPH)
|
|
Batting: RHB Tokuji Kawabata
|
0-0: Called Strike 0-1: Ball 1-1: Fly out, F9 (Flyball, 9S, EV 81.3 MPH)
|
| Top of the 5th over - 1 run, 0 hits, 2 errors, 2 left on base; Bluefield 20 - Cleveland (APP) 1 |
| BOTTOM OF THE 5TH |
|
Cleveland (APP) Indians batting - Pitching for Bluefield Blue Jays : LHP Jon Moore
|
|
Batting: RHB Joe Shade
|
0-0: Ball 1-0: Ball 2-0: Ball 3-0: Base on Balls
|
|
Batting: LHB Heath Ryland
|
0-0: Ball 1-0: Called Strike 1-1: Ball 2-1: Foul Ball, location: 2F 2-2: Foul Ball, location: 2F 2-2: Foul Ball, location: 2F 2-2: Foul Ball, location: 2F 2-2: Strikes out swinging
|
|
Batting: RHB Ken Shear
|
0-0: Ball 1-0: Grounds into double play, 6-4-3 (Groundball, 6, EV 97.5 MPH)
|
| Bottom of the 5th over - 0 runs, 0 hits, 0 errors, 0 left on base; Bluefield 20 - Cleveland (APP) 1 |
| TOP OF THE 6TH |
|
Bluefield Blue Jays batting - Pitching for Cleveland (APP) Indians : LHP Jordan Jimenez
|
|
Batting: RHB Wade Diamond
|
0-0: Ball 1-0: Swinging Strike 1-1: Ball 2-1: Ball 3-1: Base on Balls
|
|
Batting: RHB John Hering
|
0-0: Called Strike 0-1: Foul Ball, location: 2F 0-2: Ball Wild Pitch! Wade Diamond to second 1-2: Ball 2-2: Ball 3-2: Base on Balls
|
|
Batting: RHB Justin Geiger
|
0-0: Called Strike 0-1: DOUBLE (Line Drive, 78M, EV 86.3 MPH) Wade Diamond scores John Hering to third Runner from 3rd tries for Home, throw by CF and OUT! 8-6-2 Justin Geiger to third
|
|
Batting: SHB Scott Robbins
|
0-0: Ball 1-0: Ground out 5-3 (Groundball, 5, EV 86.9 MPH)
|
|
Batting: LHB Cesar Arteaga
|
0-0: Ball 1-0: Foul Ball, location: 2F 1-1: Foul Ball, location: 2F 1-2: Reached on error, E7 (Flyball, 7, EV 86.9 MPH) Justin Geiger scores
|
|
Batting: RHB Jordan Fairburn
|
0-0: Ground out 6-3 (Groundball, 6M, EV 88.1 MPH)
|
| Top of the 6th over - 2 runs, 1 hit, 1 error, 1 left on base; Bluefield 22 - Cleveland (APP) 1 |
| BOTTOM OF THE 6TH |
|
Cleveland (APP) Indians batting - Pitching for Bluefield Blue Jays : LHP Jon Moore
|
|
Batting: SHB Mike Shields
|
0-0: Ball 1-0: Ground out 6-3 (Groundball, 6, EV 85.0 MPH)
|
|
Batting: RHB John Clark
|
0-0: Foul Ball, location: 2F 0-1: Foul Ball, location: 2F 0-2: Ground out 5-3 (Groundball, 56, EV 91.3 MPH)
|
|
Batting: RHB Carlos Manriquez
|
0-0: Ball 1-0: Foul Ball, location: 2F 1-1: Foul Ball, location: 2F 1-2: Ground out 6-3 (Groundball, 6, EV 80.0 MPH)
|
| Bottom of the 6th over - 0 runs, 0 hits, 0 errors, 0 left on base; Bluefield 22 - Cleveland (APP) 1 |
| TOP OF THE 7TH |
|
Bluefield Blue Jays batting - Pitching for Cleveland (APP) Indians : LHP Jordan Jimenez
|
|
Batting: SHB Jack Andrews
|
0-0: SINGLE (Line Drive, 78S, EV 102.5 MPH)
|
|
Batting: RHB Mike Johnson
|
0-0: Called Strike 0-1: Foul Ball, location: 2F 0-2: Ball Wild Pitch! Jack Andrews to second 1-2: Ball 2-2: Foul Ball, location: 2F 2-2: Ball Passed Ball! Jack Andrews to third 3-2: Base on Balls
|
|
Batting: RHB Tokuji Kawabata
|
0-0: Fly out, F3 (Popup, 3S, EV 78.1 MPH)
|
|
Batting: RHB Wade Diamond
|
0-0: SINGLE (Flyball, 5D, EV 87.5 MPH) Jack Andrews scores Mike Johnson to second
|
|
Batting: RHB John Hering
|
0-0: Ball 1-0: Foul Ball, location: 2F 1-1: Ball Passed Ball! Mike Johnson to third Wade Diamond to second 2-1: Ball 3-1: Foul Ball, location: 2F 3-2: Base on Balls
|
|
Batting: RHB Justin Geiger
|
0-0: Fly out, F8 (Flyball, 89D, EV 93.1 MPH) Runner from 3rd tags up, SCORES, throw by CF Wade Diamond to third
|
|
Batting: SHB Scott Robbins
|
0-0: Called Strike 0-1: Ball 1-1: Swinging Strike Passed Ball! Wade Diamond scores John Hering to second 1-2: Foul Ball, location: 2F 1-2: Ball 2-2: Ball 3-2: Strikes out swinging
|
| Top of the 7th over - 3 runs, 2 hits, 0 errors, 1 left on base; Bluefield 25 - Cleveland (APP) 1 |
| BOTTOM OF THE 7TH |
|
Cleveland (APP) Indians batting - Pitching for Bluefield Blue Jays : LHP Jon Moore
|
|
Batting: RHB Juan Gallardo
|
0-0: Called Strike 0-1: Fly out, F7 (Flyball, 7, EV 88.8 MPH)
|
|
Batting: RHB Luis Roman
|
0-0: Ball 1-0: Fly out, F4 (Flyball, 4D, EV 80.0 MPH)
|
|
Batting: LHB Kenji Yokoyama
|
0-0: Ball 1-0: Ground out 6-3 (Groundball, P, EV 81.9 MPH)
|
| Bottom of the 7th over - 0 runs, 0 hits, 0 errors, 0 left on base; Bluefield 25 - Cleveland (APP) 1 |
| TOP OF THE 8TH |
|
Bluefield Blue Jays batting - Pitching for Cleveland (APP) Indians : LHP Jordan Jimenez
|
|
Batting: LHB Cesar Arteaga
|
0-0: Ground out U3 (Groundball, 3, EV 86.3 MPH)
|
|
Batting: RHB Jordan Fairburn
|
0-0: Ground out 6-3 (Groundball, 6, EV 96.9 MPH)
|
|
Batting: SHB Jack Andrews
|
0-0: SINGLE (Line Drive, 8LM, EV 97.5 MPH)
|
|
Batting: RHB Mike Johnson
|
0-0: Fielders Choice at 2nd, 6-4 (Groundball, 6, EV 85.6 MPH)
|
| Top of the 8th over - 0 runs, 1 hit, 0 errors, 1 left on base; Bluefield 25 - Cleveland (APP) 1 |
| BOTTOM OF THE 8TH |
|
Cleveland (APP) Indians batting - Pitching for Bluefield Blue Jays : LHP Jon Moore
|
|
Batting: RHB Joe Shade
|
0-0: Called Strike 0-1: Foul Ball, location: 2F 0-2: Strikes out swinging
|
|
Batting: LHB Heath Ryland
|
0-0: Ball 1-0: Called Strike 1-1: Foul Ball, location: 2F 1-2: SINGLE (Groundball, 34D, EV 98.8 MPH)
|
|
Batting: RHB Ken Shear
|
0-0: Sac Bunt to 5S - play at first, batter OUT! 5-3 Heath Ryland to second
|
|
Batting: SHB Mike Shields
|
0-0: Called Strike 0-1: Ball 1-1: Swinging Strike 1-2: Ball 2-2: Strikes out swinging
|
| Bottom of the 8th over - 0 runs, 1 hit, 0 errors, 1 left on base; Bluefield 25 - Cleveland (APP) 1 |
| TOP OF THE 9TH |
|
Bluefield Blue Jays batting - Pitching for Cleveland (APP) Indians : LHP Jordan Jimenez
|
|
Batting: RHB Tokuji Kawabata
|
0-0: Ground out 6-3 (Groundball, 6, EV 90.6 MPH)
|
|
Batting: RHB Wade Diamond
|
0-0: Ball 1-0: Called Strike 1-1: Foul Ball, location: 2F 1-2: Foul Ball, location: 3F, Error on foul ball, E3 1-2: Ball 2-2: Ball 3-2: Foul Ball, location: 2F 3-2: Fly out, F9 (Flyball, 9S, EV 85.6 MPH)
|
|
Batting: RHB John Hering
|
0-0: Foul Ball, location: 2F 0-1: SINGLE (Groundball, 56, EV 100.0 MPH) (infield hit)
|
|
Batting: RHB Justin Geiger
|
0-0: Ball 1-0: Fielders Choice at 2nd, 6-4 (Groundball, 6, EV 88.1 MPH)
|
| Top of the 9th over - 0 runs, 1 hit, 1 error, 1 left on base; Bluefield 25 - Cleveland (APP) 1 |
| BOTTOM OF THE 9TH |
|
Cleveland (APP) Indians batting - Pitching for Bluefield Blue Jays : LHP Jon Moore
|
|
Batting: RHB John Clark
|
0-0: Ball 1-0: SINGLE (Groundball, 34D, EV 98.8 MPH)
|
|
Batting: RHB Carlos Manriquez
|
0-0: Ball 1-0: Ball 2-0: Ball 3-0: Base on Balls John Clark to second
|
|
Pitching: LHP Dylan Batstone
|
|
|
Batting: RHB Juan Gallardo
|
0-0: Ball Wild Pitch! John Clark to third Carlos Manriquez to second 1-0: Foul Ball, location: 2F 1-1: Ball 2-1: SINGLE (Groundball, 4D, EV 100.0 MPH) John Clark scores Carlos Manriquez to third
|
|
Batting: RHB Luis Roman
|
0-0: Ball 1-0: Called Strike 1-1: Called Strike 1-2: Strikes out swinging
|
|
Batting: LHB Kenji Yokoyama
|
0-0: Ball 1-0: Ball 2-0: Called Strike 2-1: Swinging Strike 2-2: Ball 3-2: Strikes out looking
|
|
Batting: RHB Joe Shade
|
0-0: Ball Passed Ball! Carlos Manriquez scores Juan Gallardo to second 1-0: Ball 2-0: Ground out U3 (Groundball, 34, EV 85.0 MPH)
|
| Bottom of the 9th over - 2 runs, 2 hits, 0 errors, 1 left on base; Bluefield 25 - Cleveland (APP) 3 |
|